APL (24 & UNDER)
NASHUA REDLEGS @ DETROIT DIRTY SNOW
08/03/2026
 
TOP OF THE 1ST
Nashua Redlegs batting - Pitching for Detroit Dirty Snow : LHP Marcos Ortíz
Pitching: LHP Marcos Ortíz
Batting: LHB Richard Olvera 0-0: Ball
1-0: Ball
2-0: Swinging Strike
2-1: Called Strike
2-2: Ball
3-2: Foul Ball, location: 2F
3-2: Base on Balls
Batting: RHB Spencer Pritchett 0-0: Foul Ball, location: 2F
0-1: Called Strike
0-2: Ball
1-2: Foul Ball, location: 2F
1-2: Foul Ball, location: 2F
1-2: Ball
2-2: SINGLE (Line Drive, 8LS)
Richard Olvera to second
Batting: LHB Keith Green 0-0: Ball
1-0: Called Strike
1-1: Ball
2-1: Swinging Strike
2-2: Strikes out swinging
Batting: RHB Jacob Pope 0-0: SINGLE (Flyball, 9S)
Richard Olvera to third
Spencer Pritchett to second
Runner from 3rd tries for Home, throw and OUT!
Spencer Pritchett to third
Jacob Pope to second
Batting: LHB Mike Harris 0-0: Swinging Strike
0-1: Swinging Strike
0-2: Strikes out swinging
Top of the 1st over - 0 run(s), 2 hit(s), 0 error(s), 2 left on base; Nashua 0 - Detroit 0
BOTTOM OF THE 1ST
Detroit Dirty Snow batting - Pitching for Nashua Redlegs : LHP Raúl Fernández
Pitching: LHP Raúl Fernández
Batting: SHB Bob Noble 0-0: Called Strike
0-1: Ball
1-1: Reached on error, E2 (Groundball, 25)
Batting: RHB Cristo Souza 0-0: Called Strike
0-1: Foul Ball, location: 2F
0-2: Ball
1-2: Foul Ball, location: 2F
1-2: Foul Ball, location: 2F
1-2: Ball
2-2: Strikes out swinging
Batting: LHB Eric Powell 0-0: Ball
1-0: Foul Ball, location: 2F
1-1: Foul Ball, location: 2F
1-2: Strikes out looking
Batting: SHB Tim Reid 0-0: Called Strike
0-1: Swinging Strike
0-2: Foul Ball, location: 2F
0-2: Strikes out looking
Bottom of the 1st over - 0 run(s), 0 hit(s), 1 error(s), 1 left on base; Nashua 0 - Detroit 0
TOP OF THE 2ND
Nashua Redlegs batting - Pitching for Detroit Dirty Snow : LHP Marcos Ortíz
Batting: RHB Jason Blair 0-0: Called Strike
0-1: Ball
1-1: Ball
2-1: Foul Ball, location: 2F
2-2: Strikes out swinging
Batting: RHB Eleuterio Supardo 0-0: Hit by Pitch
Batting: RHB Manuel Alonso 0-0: Called Strike
0-1: Ball
1-1: Foul Ball, location: 2F
1-2: Strikes out swinging
Batting: RHB Juan Reyes 0-0: Ball
1-0: Called Strike
1-1: Foul Ball, location: 2F
1-2: Ball
2-2: Strikes out swinging
Top of the 2nd over - 0 run(s), 0 hit(s), 0 error(s), 1 left on base; Nashua 0 - Detroit 0
BOTTOM OF THE 2ND
Detroit Dirty Snow batting - Pitching for Nashua Redlegs : LHP Raúl Fernández
Batting: RHB Héctor Berrios 0-0: Ball
1-0: Foul Ball, location: 2F
1-1: Ball
2-1: Foul Ball, location: 2F
2-2: Foul Ball, location: 2F
2-2: Ground out 3-1 (Groundball, 4)
Batting: RHB Charlie O'Farrell 0-0: Called Strike
0-1: Ball
1-1: Called Strike
1-2: Ball
2-2: Ball
3-2: Base on Balls
Batting: RHB Norm Skinner 0-0: Ball
1-0: Ball
2-0: Called Strike
2-1: Ball
3-1: Base on Balls
Charlie O'Farrell to second
Batting: RHB Phil Wright 0-0: Ball
1-0: Ball
2-0: Foul Ball, location: 2F
2-1: Foul Ball, location: 2F
2-2: Fly out, F9 (Flyball, 89S)
Batting: RHB Arturo Jiménez 0-0: Ball
1-0: Ball
2-0: Ground out 1-3 (Groundball, 25)
Bottom of the 2nd over - 0 run(s), 0 hit(s), 0 error(s), 2 left on base; Nashua 0 - Detroit 0
TOP OF THE 3RD
Nashua Redlegs batting - Pitching for Detroit Dirty Snow : LHP Marcos Ortíz
Batting: LHB Richard Olvera 0-0: Called Strike
0-1: Ball
1-1: Called Strike
1-2: Strikes out swinging
Batting: RHB Spencer Pritchett 0-0: Foul Ball, location: 2F
0-1: Ground out 1-3 (Groundball, 15S)
Batting: LHB Keith Green 0-0: Swinging Strike
0-1: Ball
1-1: Called Strike
1-2: Foul Ball, location: 2F
1-2: Foul Ball, location: 2F
1-2: Ball
2-2: Fly out, F7 (Flyball, 78S)
Top of the 3rd over - 0 run(s), 0 hit(s), 0 error(s), 0 left on base; Nashua 0 - Detroit 0
BOTTOM OF THE 3RD
Detroit Dirty Snow batting - Pitching for Nashua Redlegs : LHP Raúl Fernández
Batting: SHB Bob Noble 0-0: Ball
1-0: Called Strike
1-1: Foul Ball, location: 2F
1-2: Ground out 6-3 (Groundball, 6)
Batting: RHB Cristo Souza 0-0: Foul Ball, location: 2F
0-1: Ball
1-1: Foul Ball, location: 2F
1-2: Ball
2-2: Ball
3-2: Strikes out swinging
Batting: LHB Eric Powell 0-0: Called Strike
0-1: Ball
1-1: Ball
2-1: Foul Ball, location: 2F
2-2: Ball
3-2: Foul Ball, location: 2F
3-2: Base on Balls
Batting: SHB Tim Reid 0-0: Ball
1-0: Called Strike
1-1: Ground out 4-3 (Groundball, 4)
Bottom of the 3rd over - 0 run(s), 0 hit(s), 0 error(s), 1 left on base; Nashua 0 - Detroit 0
TOP OF THE 4TH
Nashua Redlegs batting - Pitching for Detroit Dirty Snow : LHP Marcos Ortíz
Batting: RHB Jacob Pope 0-0: Ball
1-0: Fly out, F3 (Popup, 34S)
Batting: LHB Mike Harris 0-0: Ground out 6-3 (Groundball, 6)
Batting: RHB Jason Blair 0-0: Called Strike
0-1: Fly out, F8 (Flyball, 8LM)
Top of the 4th over - 0 run(s), 0 hit(s), 0 error(s), 0 left on base; Nashua 0 - Detroit 0
BOTTOM OF THE 4TH
Detroit Dirty Snow batting - Pitching for Nashua Redlegs : LHP Raúl Fernández
Batting: RHB Héctor Berrios 0-0: Ball
1-0: Foul Ball, location: 2F
1-1: Ball
2-1: SINGLE (Line Drive, 4D)
Batting: RHB Charlie O'Farrell 0-0: Called Strike
0-1: Ball
1-1: Ball
2-1: Ball
3-1: Ground out 5-3 (Groundball, 5S)
Héctor Berrios to second
Batting: RHB Norm Skinner 0-0: Foul Ball, location: 2F
0-1: Ball
1-1: Ball
Balk!
Héctor Berrios to third
2-1: SINGLE (Line Drive, 89S)
Héctor Berrios scores
Batting: RHB Phil Wright 0-0: Ball
1-0: Swinging Strike
1-1: Ball
2-1: Foul Ball, location: 2F
2-2: Fly out, F7 (Popup, 56D)
Batting: RHB Arturo Jiménez 0-0: Ball
1-0: Called Strike
1-1: Ball
2-1: Foul Ball, location: 2F
2-2: Ball
3-2: Base on Balls
Norm Skinner to second
Pitching: LHP Jorge Melgaza
Batting: SHB Bob Noble 0-0: Called Strike
0-1: Ground out 4-3 (Groundball, 4)
Bottom of the 4th over - 1 run(s), 2 hit(s), 0 error(s), 2 left on base; Nashua 0 - Detroit 1
TOP OF THE 5TH
Nashua Redlegs batting - Pitching for Detroit Dirty Snow : LHP Marcos Ortíz
Batting: RHB Eleuterio Supardo Reached via error on a dropped throw, E3
Batting: RHB Manuel Alonso 0-0: Grounds into double play, 6-4-3 (Groundball, 6)
Batting: RHB Juan Reyes 0-0: Foul Ball, location: 2F
0-1: Ball
1-1: Ball
2-1: Ground out 3-1 (Groundball, 34)
Top of the 5th over - 0 run(s), 0 hit(s), 1 error(s), 0 left on base; Nashua 0 - Detroit 1
BOTTOM OF THE 5TH
Detroit Dirty Snow batting - Pitching for Nashua Redlegs : LHP Jorge Melgaza
Batting: RHB Cristo Souza 0-0: Ball
1-0: Called Strike
1-1: Called Strike
1-2: Foul Ball, location: 2F
1-2: Foul Ball, location: 2F
1-2: Hit by Pitch
Batting: LHB Eric Powell 0-0: Grounds into double play, 6-4-3 (Groundball, 6)
Batting: SHB Tim Reid 0-0: Foul Ball, location: 2F
0-1: Ball
1-1: Ball
2-1: Ball
3-1: Called Strike
3-2: Base on Balls
Batting: RHB Héctor Berrios 0-0: Ball
1-0: Ball
2-0: Ball
3-0: Base on Balls
Tim Reid to second
Batting: RHB Charlie O'Farrell 0-0: Ball
1-0: Ball
2-0: Ball
3-0: Called Strike
3-1: Base on Balls
Tim Reid to third
Héctor Berrios to second
Batting: RHB Norm Skinner 0-0: Ball
1-0: Called Strike
1-1: Called Strike
1-2: Strikes out swinging
Bottom of the 5th over - 0 run(s), 0 hit(s), 0 error(s), 3 left on base; Nashua 0 - Detroit 1
TOP OF THE 6TH
Nashua Redlegs batting - Pitching for Detroit Dirty Snow : LHP Marcos Ortíz
Batting: LHB Richard Olvera 0-0: Foul Ball, location: 2F
0-1: Foul Ball, location: 2F
0-2: Foul Ball, location: 2F
0-2: Ball
1-2: SINGLE (Flyball, 7LS)
Batting: RHB Spencer Pritchett 0-0: Called Strike
0-1: Ball
1-1: Ball
2-1: Called Strike
2-2: Strikes out swinging
Batting: LHB Keith Green 0-0: Ball
1-0: Grounds into double play, U6-3 (Groundball, 6M)
Top of the 6th over - 0 run(s), 1 hit(s), 0 error(s), 0 left on base; Nashua 0 - Detroit 1
BOTTOM OF THE 6TH
Detroit Dirty Snow batting - Pitching for Nashua Redlegs : LHP Jorge Melgaza
Batting: RHB Phil Wright 0-0: Swinging Strike
0-1: Ball
1-1: Ball
2-1: Foul Ball, location: 2F
2-2: Foul Ball, location: 2F
2-2: SINGLE (Flyball, 89M)
Batting: RHB Arturo Jiménez 0-0: Ball
1-0: Called Strike
1-1: Ground out 5-3 (Groundball, 56)
Phil Wright to second
Batting: SHB Bob Noble 0-0: Reached on error, E5 (Groundball, 5S)
Phil Wright to third
Batting: RHB Cristo Souza 0-0: Ball
Bob Noble is caught stealing 2nd base
1-0: Ball
2-0: Fly out, F4 (Popup, 3)
Bottom of the 6th over - 0 run(s), 1 hit(s), 1 error(s), 1 left on base; Nashua 0 - Detroit 1
TOP OF THE 7TH
Nashua Redlegs batting - Pitching for Detroit Dirty Snow : LHP Marcos Ortíz
Batting: RHB Jacob Pope 0-0: Ball
1-0: Ball
2-0: Ball
3-0: Called Strike
3-1: Called Strike
3-2: Foul Ball, location: 2F
3-2: Strikes out swinging
Batting: LHB Mike Harris 0-0: Ball
1-0: Called Strike
1-1: Swinging Strike
1-2: Ball
2-2: SINGLE (Line Drive, 89M)
Pitching: RHP Paul McFadden
Pinch Hitting: RHB Juan Cardoza 0-0: Ball
1-0: DOUBLE (Line Drive, 5L)
Mike Harris to third
Batting: RHB Eleuterio Supardo 0-0: Called Strike
0-1: Foul Ball, location: 2F
0-2: Ball
1-2: SINGLE (Line Drive, 89M)
Mike Harris scores
Juan Cardoza to third
Runner from 3rd tries for Home, SAFE, throw made home
Eleuterio Supardo to second
Pinch Hitting: RHB Javier Ortíz 0-0: Intentional Walk
Batting: RHB Juan Reyes 0-0: Reached on error, E5 (Groundball, 56)
Eleuterio Supardo to third
Javier Ortíz to second
Batting: LHB Richard Olvera 0-0: Ball
1-0: Ball
2-0: Ball
3-0: Called Strike
3-1: Called Strike
3-2: Strikes out swinging
Pinch Hitting: LHB Frank Young 0-0: Ball
1-0: Ball
2-0: Called Strike
2-1: Called Strike
2-2: Strikes out swinging
Top of the 7th over - 2 run(s), 3 hit(s), 1 error(s), 3 left on base; Nashua 2 - Detroit 1
BOTTOM OF THE 7TH
Detroit Dirty Snow batting - Pitching for Nashua Redlegs : LHP Jorge Melgaza
Now at 2B: Juan Cardoza
Now at 3B: Héctor Vázquez
Now at SS: Bernardo Rodríguez
Batting: LHB Eric Powell 0-0: Called Strike
0-1: Ball
1-1: Swinging Strike
1-2: Strikes out swinging
Pitching: RHP Tomás Silva
Batting: SHB Tim Reid 0-0: Foul Ball, location: 2F
0-1: Swinging Strike
0-2: Strikes out swinging
Batting: RHB Héctor Berrios 0-0: Foul Ball, location: 2F
0-1: Ground out 4-3 (Groundball, 4)
Bottom of the 7th over - 0 run(s), 0 hit(s), 0 error(s), 0 left on base; Nashua 2 - Detroit 1
TOP OF THE 8TH
Nashua Redlegs batting - Pitching for Detroit Dirty Snow : RHP Paul McFadden
Batting: LHB Keith Green 0-0: Called Strike
0-1: Swinging Strike
0-2: Ball
1-2: Strikes out swinging
Batting: RHB Jacob Pope 0-0: Ball
1-0: Foul Ball, location: 2F
1-1: Fly out, F5 (Line Drive, 5L)
Batting: LHB Mike Harris 0-0: Fly out, F7 (Flyball, 8LS)
Top of the 8th over - 0 run(s), 0 hit(s), 0 error(s), 0 left on base; Nashua 2 - Detroit 1
BOTTOM OF THE 8TH
Detroit Dirty Snow batting - Pitching for Nashua Redlegs : RHP Tomás Silva
Pitching: RHP Pedro Cabrera
Now at 1B: Alan Evans
Batting: RHB Charlie O'Farrell 0-0: Ball
1-0: Swinging Strike
1-1: Ball
2-1: Ground out 6-3 (Groundball, 6)
Batting: RHB Norm Skinner 0-0: Ball
1-0: Fly out, F8 (Flyball, 8RD)
Batting: RHB Phil Wright 0-0: Called Strike
0-1: Foul Ball, location: 2F
0-2: Strikes out swinging
Bottom of the 8th over - 0 run(s), 0 hit(s), 0 error(s), 0 left on base; Nashua 2 - Detroit 1
TOP OF THE 9TH
Nashua Redlegs batting - Pitching for Detroit Dirty Snow : RHP Paul McFadden
Batting: RHB Juan Cardoza 0-0: Swinging Strike
0-1: SINGLE (Groundball, 25) (infield hit)
Batting: RHB Eleuterio Supardo 0-0: Ball
1-0: Sac Bunt - play at first, batter OUT! 2-3
Juan Cardoza to second
Pinch Hitting: LHB Bill McCraney 0-0: Intentional Walk
Pinch Hitting: RHB Miguel González 0-0: Fly out, F7 (Flyball, 7M)
Batting: LHB Richard Olvera 0-0: Called Strike
0-1: Ball
1-1: Ball
2-1: Ball
3-1: Swinging Strike
3-2: Strikes out looking
Top of the 9th over - 0 run(s), 1 hit(s), 0 error(s), 2 left on base; Nashua 2 - Detroit 1
BOTTOM OF THE 9TH
Detroit Dirty Snow batting - Pitching for Nashua Redlegs : RHP Pedro Cabrera
Pitching: RHP José Gusmán
Now at C: António Pérez
Now at SS: Miguel González
Batting: RHB Arturo Jiménez 0-0: Called Strike
0-1: Foul Ball, location: 2F
0-2: Ball
1-2: Foul Ball, location: 2F
1-2: Strikes out swinging
Batting: SHB Bob Noble 0-0: Ball
1-0: Called Strike
1-1: Swinging Strike
1-2: Foul Ball, location: 2F
1-2: Strikes out swinging
Batting: RHB Cristo Souza 0-0: Ball
1-0: Ball
2-0: Ball
3-0: Base on Balls
Batting: LHB Eric Powell 0-0: Ball
1-0: Foul Ball, location: 2F
1-1: Ball
2-1: DOUBLE (Flyball, 9LD)
Cristo Souza to third
Batting: SHB Tim Reid 0-0: Called Strike
0-1: Foul Ball, location: 2F
0-2: Ball
1-2: Ball
2-2: SINGLE (Line Drive, 3D)
Cristo Souza scores
Eric Powell to third
Runner from 3rd tries for Home, SAFE, no throw or cutoff
Monday, December 5th, 2016 - OOTP Baseball 17.12 Build 75